 Dungeon Crawl Stone Soup version 0.30.0-10-gfe55d96785 (webtiles) character file.

Game seed: 12583144607174307333

77 tizbic2 the Gusty (level 3, -1/29 HPs)
             Began as a Demigod Air Elementalist on May 15, 2023.
             Slain by a gnoll
             ... wielding a +0 halberd
              (5 damage)
             ... on level 2 of the Dungeon.
             The game lasted 00:06:15 (1369 turns).

tizbic2 the Gusty (Demigod Air Elementalist)        Turns: 1369, Time: 00:06:16

Health: -1/29      AC:  8    Str: 13    XL:     3   Next: 92%
Magic:  8/8        EV:  6    Int: 17    God:
Gold:   69         SH:  0    Dex: 14    Spells: 4/5 levels left

rFire   . . .        f - +2 executioner's axe (heavy)
rCold   . . .        (shield currently unavailable)
rNeg    . . .        l - +0 chain mail
rPois   .            (no helmet)
rElec   .            (no cloak)
rCorr   .            (no gloves)
SInv    .            (no boots)
Will    .....        (no amulet) Stlth
                     (no ring)
HPRegen 0.24/turn    (no ring)
MPRegen 0.11/turn

%: no passive effects
@: no status effects
A: high MP 1, forlorn, divine attributes
a: no special abilities


You were on level 2 of the Dungeon.
You visited 1 branch of the dungeon, and saw 2 of its levels.

You collected 123 gold pieces.
You spent 54 gold pieces at shops.

Inventory:

Hand Weapons
 c - a +0 mace
 d - a +0 dagger
 f - a +2 heavy executioner's axe (weapon)
Missiles
 g - 13 stones
Armour
 a - a +0 robe
 l - a +0 chain mail (worn)
Scrolls
 e - 2 scrolls of identify
 h - a scroll of teleportation {unknown}
 i - a scroll of torment {unknown}
 j - a scroll of brand weapon {unknown}
Potions
 b - a potion of magic
 k - a potion of haste {unknown}


   Skills:
 * Level 1.8 Fighting
 * Level 1.7(1.8) Axes
 - Level 0.5(1.2) Maces & Flails
 + Level 1.1 Armour
 - Level 1.7 Dodging
 - Level 1.7 Stealth
 - Level 1.8 Spellcasting
 - Level 1.0 Conjurations
 - Level 2.8 Air Magic


You had 4 spell levels left.
You knew the following spells:

 Your Spells              Type           Power      Damage    Failure   Level
a - Shock                 Conj/Air       32%        1d5       88%         1

Your spell library contained the following spells:

 Spells                   Type           Power      Damage    Failure   Level
 Static Discharge         Conj/Air       16%        2-3/arc   96%         2
 Sandblast                Erth           2%         2d4       99%         1
 Swiftness                Air            11%        N/A       99%         3
 Passwall                 Tmut/Erth      0%         N/A       100%        2
 Stone Arrow              Conj/Erth      6%         3d7       100%        3
 Airstrike                Air            5%         2d(1-17)  100%        4


Dungeon Overview and Level Annotations

Branches:
Dungeon (2/15)

Shops:
D:1 [   D:2 ?


Innate Abilities, Weirdness & Mutations

You have an increased reservoir of magic. (+10% MP)
You shall have no god before yourself.
Your divine heritage dramatically boosts your attributes as you level up.


Message History

You cut the frilled lizard into ribbons!!!
You kill the frilled lizard!
You slice the gnoll!!
You kill the gnoll!
The rat twitches its whiskers.
The gnoll hits you with a +0 club.
You slice the gnoll!!
You kill the gnoll!
The rat bites you but does no damage. The gnoll hits you but does no damage.
The rat bites you but does no damage.
The gnoll hits you from afar with a +0 spear!
Your Armour skill increases to level 1!
You barely miss the rat. The rat bites you.
The gnoll hits you but does no damage. The rat bites you but does no damage.
The gnoll barely misses you. The rat bites you but does no damage.
The gnoll hits you but does no damage.
You slash the rat!
You kill the rat!
The gnoll barely misses you.
The gnoll hits you from afar with a +0 spear.
The gnoll hits you but does no damage. The gnoll hits you with a +0 spear.
Items here: )) ††.
You carve the gnoll like a ham!!!
You kill the gnoll!
You start resting.
A goblin is nearby!
Things that are here:
a +0 spear; a gnoll corpse The gnoll shouts!
You closely miss the goblin.
The goblin hits you but does no damage. x3
The gnoll hits you from afar with a +0 halberd.
You barely miss the goblin. The goblin hits you but does no damage.
The gnoll hits you from afar with a +0 halberd!
The goblin hits you but does no damage.
The gnoll hits you from afar with a +0 halberd!
* * * LOW HITPOINT WARNING * * *
The goblin barely misses you. The gnoll hits you with a +0 halberd.
You die...

###.........###
#.......###
#...........#
####.#.##
#.........#.#
#.#.#
#.........#.##
#.#.#
#####....†...####
#.#..
#.......))..#
..#..
#.......###.#
.##.#. #.......#
#..# # .##
#....g.@####..>
#......g.# ####
#..####''# #.##
~.$~~~ #.#
...(.~# #.#
.⌠~~⌠.~# #.
.~~~~..+
..~~~~..+ g~⌠.~#


You could see a gnoll and a goblin.

Vanquished Creatures
  An adder (D:2)
  3 gnolls (D:2)
  A worm (D:2)
  A dart slug (D:2)
  2 bats (D:1)
  6 endoplasms
  3 giant cockroaches (D:1)
  3 goblins
  2 hobgoblins (D:1)
  3 ball pythons
  5 frilled lizards
  4 kobolds (D:1)
  3 rats
37 creatures vanquished.

Notes
Turn   | Place    | Note
-------+----------+-------------------------------------------
     0 | D:1      | tizbic2 the Demigod Air Elementalist began the quest for
                  | the Orb.
     0 | D:1      | Reached XP level 1. HP: 14/14 MP: 5/5
   136 | D:1      | Reached skill level 1 in Conjurations
   190 | D:1      | Identified a scroll of acquirement
   207 | D:1      | Acquired a +2 heavy executioner's axe
   282 | D:1      | Found a transporter.
   282 | D:1      | Found Qygaz's Armour Boutique.
   315 | D:1      | Found a transporter.
   321 | D:1      | Reached XP level 2. HP: 6/22 MP: 7/7
   323 | D:1      | HP: 1/22 [frozen (5)]
   682 | D:1      | Reached skill level 1 in Fighting
   930 | D:2      | Reached skill level 1 in Axes
   930 | D:2      | Reached XP level 3. HP: 28/28 MP: 5/8
  1017 | D:2      | Found Sifrib's Magic Scroll Shoppe.
  1055 | D:1      | Bought a +0 chain mail for 54 gold pieces
  1322 | D:2      | Reached skill level 1 in Armour
  1369 | D:2      | Slain by a gnoll

Illustrated notes

Levels and vault maps discovered:
D:1:      ebering_trefoil_twist, layout_basic, serial_shops,
          nicolae_shop_drivethru, minmay_cut_off
D:2:      layout_basic, serial_shops, shop, kennysheep_generic_room_6

Skill      XL: |  1  2  3 |
---------------+----------+-----
Conjurations   | 1 |  1.0
Fighting       | 1 |  1.8
Axes           | 1 |  1.7
Armour         | 1 |  1.1
Maces & Flails | |  0.5
Dodging        | |  1.7
Stealth        | |  1.7
Spellcasting   | |  1.8
Air Magic      | |  2.8

Action                     || total
---------------------------++-------
  Melee: Mace              ||    14
         Executioner's axe ||    70
         Dagger            ||     6
   Cast: Shock             ||    14
    Use: Scroll            ||     2
   Stab: Sleeping          ||     6
 Armour: Robe              ||    19
         Chain mail        ||    19
  Dodge: Dodged            ||    82
